TOP OF THE 1ST |
Arkansas Travelers batting - Pitching for Northwest Arkansas Naturals : RHP Matt Voulgaris
|
Pitching: RHP Matt Voulgaris
|
|
Batting: RHB Mike Alm
|
0-0: Called Strike 0-1: Ball 1-1: Swinging Strike 1-2: Strikes out swinging, 2-3 out at first.
|
Batting: LHB Rusty Ney
|
0-0: DOUBLE (Groundball, 5L, EV 105.6 MPH)
|
Batting: RHB Oren Jones
|
0-0: Foul Ball, location: 2F 0-1: SINGLE (Groundball, 6D, EV 105.6 MPH) Rusty Ney to third Runner from 3rd tries for Home, throw by CF and OUT! 8-2 Oren Jones to second
|
Batting: SHB Mario Padron
|
0-0: Ball 1-0: Ball Passed Ball! Oren Jones to third 2-0: 2-RUN HOME RUN (Flyball, 7LD, EV 94.4 MPH), Distance : 350 ft
|
Batting: RHB Luis Romero
|
0-0: Called Strike 0-1: Fly out, F8 (Flyball, 8LM, EV 83.1 MPH)
|
Top of the 1st over - 2 runs, 3 hits, 0 errors, 0 left on base; Arkansas 2 - Northwest Arkansas 0 |
BOTTOM OF THE 1ST |
Northwest Arkansas Naturals batting - Pitching for Arkansas Travelers : RHP Kennie Williams
|
Pitching: RHP Kennie Williams
|
|
Batting: RHB Yi-lin Niu
|
0-0: Ball 1-0: Fly out, F9 (Flyball, 9D, EV 103.8 MPH)
|
Batting: SHB Jason Anaya
|
0-0: Ball 1-0: TRIPLE (Groundball, 3L, EV 108.8 MPH)
|
Batting: RHB Eric Davis
|
0-0: Ball Wild Pitch! Jason Anaya scores 1-0: Ground out 4-3 (Groundball, 4, EV 105.6 MPH)
|
Batting: LHB Josh Moore
|
0-0: Ball 1-0: Called Strike 1-1: Ball 2-1: Swinging Strike 2-2: Foul Ball, location: 2F 2-2: Foul Ball, location: 2F 2-2: Foul Ball, location: 2F 2-2: Foul Ball, location: 2F 2-2: Ball 3-2: Foul Ball, location: 2F 3-2: Base on Balls
|
Batting: RHB Alex Cid
|
0-0: Called Strike 0-1: Foul Ball, location: 2F 0-2: Strikes out swinging
|
Bottom of the 1st over - 1 run, 1 hit, 0 errors, 1 left on base; Arkansas 2 - Northwest Arkansas 1 |
TOP OF THE 2ND |
Arkansas Travelers batting - Pitching for Northwest Arkansas Naturals : RHP Matt Voulgaris
|
Batting: RHB Jose Pineda
|
0-0: Called Strike 0-1: Foul Ball, location: 2F 0-2: Ball 1-2: Ball 2-2: Strikes out swinging
|
Batting: RHB Ryan Pelletier
|
0-0: Ball 1-0: Ball 2-0: SINGLE (Line Drive, 8RS, EV 99.4 MPH)
|
Batting: LHB Sean Corderman
|
0-0: Ball 1-0: Ball 2-0: Called Strike 2-1: Foul Ball, location: 2F 2-2: Ball 3-2: Base on Balls Ryan Pelletier to second
|
Batting: LHB Barrfhionn O'Toole
|
0-0: Called Strike 0-1: Ball 1-1: Called Strike Ryan Pelletier steals 3rd base Sean Corderman to second 1-2: Foul Ball, location: 2F 1-2: Ball 2-2: Ground out 5-3 (Groundball, 56, EV 88.8 MPH) Ryan Pelletier scores
|
Batting: RHB Mike Alm
|
0-0: Foul Ball, location: 2F 0-1: Swinging Strike 0-2: Ball 1-2: TRIPLE (Flyball, 89XD, EV 105.6 MPH) Sean Corderman scores
|
Pitching: RHP Matthew Orphan
|
|
Batting: LHB Rusty Ney
|
0-0: Ball 1-0: Swinging Strike 1-1: Foul Ball, location: 2F 1-2: SINGLE (Groundball, 4M, EV 106.2 MPH) (infield hit) Mike Alm scores
|
Batting: RHB Oren Jones
|
0-0: Ball 1-0: Ball Rusty Ney steals 2nd base 2-0: Ball 3-0: SINGLE (Groundball, 6M, EV 103.1 MPH) (infield hit) Rusty Ney to third
|
Batting: SHB Mario Padron
|
0-0: Ball 1-0: Called Strike 1-1: SINGLE (Groundball, 34D, EV 95.6 MPH) Rusty Ney scores Oren Jones to second Runner from 2nd tries for 3rd, SAFE, throw by RF made to third
|
Batting: RHB Luis Romero
|
0-0: Ball Mario Padron steals 2nd base 1-0: SINGLE (Groundball, 5S, EV 74.4 MPH) (infield hit) Oren Jones scores Mario Padron to third
|
Batting: RHB Jose Pineda
|
0-0: Called Strike 0-1: Foul Ball, location: 2F 0-2: Ball 1-2: Ball 2-2: SINGLE (Groundball, 34S, EV 60.6 MPH) (infield hit) Mario Padron scores Luis Romero to second
|
Pitching: RHP Vinny Reveles
|
|
Batting: RHB Ryan Pelletier
|
0-0: Called Strike 0-1: Ball 1-1: Ball 2-1: Ball 3-1: Swinging Strike 3-2: Foul Ball, location: 2F 3-2: SINGLE (Line Drive, 8RS, EV 101.2 MPH) Luis Romero to third Jose Pineda to second Luis Romero scores Jose Pineda to third
|
Batting: LHB Sean Corderman
|
0-0: Called Strike 0-1: Ball 1-1: Swinging Strike 1-2: Strikes out swinging
|
Top of the 2nd over - 7 runs, 8 hits, 0 errors, 2 left on base; Arkansas 9 - Northwest Arkansas 1 |
BOTTOM OF THE 2ND |
Northwest Arkansas Naturals batting - Pitching for Arkansas Travelers : RHP Kennie Williams
|
Batting: RHB Dante McCauley
|
0-0: Ball 1-0: Ball 2-0: Foul Ball, location: 2F 2-1: SOLO HOME RUN (Flyball, 7D, EV 99.4 MPH), Distance : 389 ft
|
Batting: RHB Nate De Jongh
|
0-0: Called Strike 0-1: DOUBLE (Groundball, 5L, EV 101.2 MPH)
|
Batting: RHB Matt Tittle
|
0-0: Ball 1-0: Called Strike 1-1: Called Strike 1-2: Ball 2-2: Strikes out swinging
|
Batting: RHB Allen Crenshaw
|
0-0: Ball 1-0: Ball 2-0: Called Strike 2-1: Ball 3-1: Called Strike 3-2: Strikes out swinging
|
Batting: RHB Yi-lin Niu
|
0-0: Ball 1-0: Called Strike 1-1: Swinging Strike 1-2: Strikes out looking
|
Bottom of the 2nd over - 1 run, 2 hits, 0 errors, 1 left on base; Arkansas 9 - Northwest Arkansas 2 |
TOP OF THE 3RD |
Arkansas Travelers batting - Pitching for Northwest Arkansas Naturals : RHP Vinny Reveles
|
Batting: LHB Barrfhionn O'Toole
|
0-0: Ball 1-0: Ball 2-0: Called Strike 2-1: Swinging Strike 2-2: Foul Ball, location: 2F 2-2: Foul Ball, location: 2F 2-2: Strikes out looking
|
Pitching: RHP Arturo Rojas
|
|
Batting: RHB Mike Alm
|
0-0: Ball 1-0: Called Strike 1-1: Ball 2-1: Ground out 1-3 (Groundball, 13S, EV 58.1 MPH)
|
Batting: LHB Rusty Ney
|
0-0: Ball 1-0: Reached on error, E4 (Groundball, 4S, EV 85.0 MPH)
|
Batting: RHB Oren Jones
|
0-0: Called Strike Rusty Ney steals 2nd base 0-1: Swinging Strike 0-2: Ball 1-2: Fly out, F7 (Flyball, 7S, EV 88.1 MPH)
|
Top of the 3rd over - 0 runs, 0 hits, 1 error, 1 left on base; Arkansas 9 - Northwest Arkansas 2 |
BOTTOM OF THE 3RD |
Northwest Arkansas Naturals batting - Pitching for Arkansas Travelers : RHP Kennie Williams
|
Batting: SHB Jason Anaya
|
0-0: Ball 1-0: Called Strike 1-1: Called Strike 1-2: Ball 2-2: Foul Ball, location: 2F 2-2: Ball 3-2: Foul Ball, location: 2F 3-2: Strikes out looking
|
Batting: RHB Eric Davis
|
0-0: Called Strike 0-1: Foul Ball, location: 2F 0-2: Ball 1-2: Ball 2-2: Strikes out looking
|
Batting: LHB Josh Moore
|
0-0: Ball 1-0: Called Strike 1-1: Called Strike 1-2: Ball 2-2: Ground out 6-3 (Groundball, 4, EV 79.4 MPH)
|
Bottom of the 3rd over - 0 runs, 0 hits, 0 errors, 0 left on base; Arkansas 9 - Northwest Arkansas 2 |
TOP OF THE 4TH |
Arkansas Travelers batting - Pitching for Northwest Arkansas Naturals : RHP Arturo Rojas
|
Batting: SHB Mario Padron
|
0-0: Ball 1-0: SOLO HOME RUN (Flyball, 8RXD, EV 106.2 MPH), Distance : 451 ft
|
Batting: RHB Luis Romero
|
0-0: Called Strike 0-1: Ball 1-1: Foul Ball, location: 2F 1-2: SINGLE (Line Drive, 6M, EV 101.2 MPH)
|
Batting: RHB Jose Pineda
|
0-0: Called Strike 0-1: SINGLE (Line Drive, 8RS, EV 88.8 MPH) Luis Romero to second Luis Romero to third
|
Pitching: RHP Andrew Tipton
|
|
Batting: RHB Ryan Pelletier
|
0-0: SINGLE (Line Drive, 7S, EV 108.8 MPH) Luis Romero scores Jose Pineda to second
|
Batting: LHB Sean Corderman
|
0-0: Called Strike 0-1: Foul Ball, location: 2F 0-2: Ball 1-2: Ball 2-2: Foul Ball, location: 2F 2-2: Strikes out swinging
|
Batting: LHB Barrfhionn O'Toole
|
0-0: Fielders Choice at 2nd, 4-6 (Groundball, 34, EV 81.2 MPH) Jose Pineda to third
|
Batting: RHB Mike Alm
|
0-0: Called Strike 0-1: Fly out, F9 (Flyball, 89D, EV 98.8 MPH)
|
Top of the 4th over - 2 runs, 4 hits, 0 errors, 2 left on base; Arkansas 11 - Northwest Arkansas 2 |
BOTTOM OF THE 4TH |
Northwest Arkansas Naturals batting - Pitching for Arkansas Travelers : RHP Kennie Williams
|
Batting: RHB Alex Cid
|
0-0: Ball 1-0: Swinging Strike 1-1: Swinging Strike 1-2: Strikes out swinging
|
Batting: RHB Dante McCauley
|
0-0: Ground out 6-3 (Groundball, 4MS, EV 85.0 MPH)
|
Batting: RHB Nate De Jongh
|
0-0: Swinging Strike 0-1: Ground out 4-3 (Groundball, 4, EV 77.5 MPH)
|
Bottom of the 4th over - 0 runs, 0 hits, 0 errors, 0 left on base; Arkansas 11 - Northwest Arkansas 2 |
TOP OF THE 5TH |
Arkansas Travelers batting - Pitching for Northwest Arkansas Naturals : RHP Andrew Tipton
|
Batting: LHB Rusty Ney
|
0-0: Ball 1-0: Foul Ball, location: 2F 1-1: Called Strike 1-2: Ball 2-2: Ball 3-2: SINGLE (Groundball, 25, EV 70.0 MPH) (infield hit)
|
Batting: RHB Oren Jones
|
0-0: Ball 1-0: Ball 2-0: DOUBLE (Flyball, 8RXD, EV 103.8 MPH) Rusty Ney to third
|
Pitching: LHP Joel Page
|
|
Batting: SHB Mario Padron
|
0-0: Ball 1-0: Ball 2-0: Ball 3-0: Base on Balls
|
Batting: RHB Luis Romero
|
0-0: Called Strike 0-1: Swinging Strike 0-2: Ball 1-2: Ball 2-2: Ball 3-2: Base on Balls Rusty Ney scores Oren Jones to third Mario Padron to second
|
Batting: RHB Jose Pineda
|
0-0: Swinging Strike 0-1: Grounds into double play, 6-4-3 (Groundball, 6, EV 80.0 MPH) Oren Jones scores Mario Padron to third
|
Batting: RHB Ryan Pelletier
|
0-0: Called Strike 0-1: Swinging Strike 0-2: Ball 1-2: Ball 2-2: SINGLE (Groundball, 6M, EV 103.1 MPH) (infield hit) Mario Padron scores
|
Batting: LHB Sean Corderman
|
0-0: Ball 1-0: Ball 2-0: SINGLE (Flyball, 56D, EV 88.8 MPH) Ryan Pelletier to second
|
Pitching: RHP Brian Straub
|
|
Batting: LHB Barrfhionn O'Toole
|
0-0: Foul Ball, location: 2F 0-1: Called Strike 0-2: Ball 1-2: Strikes out swinging
|
Top of the 5th over - 3 runs, 4 hits, 0 errors, 2 left on base; Arkansas 14 - Northwest Arkansas 2 |
BOTTOM OF THE 5TH |
Northwest Arkansas Naturals batting - Pitching for Arkansas Travelers : RHP Kennie Williams
|
Batting: RHB Matt Tittle
|
0-0: Swinging Strike 0-1: Called Strike 0-2: Ball 1-2: Foul Ball, location: 2F 1-2: Fly out, F7 (Flyball, 78XD, EV 98.1 MPH)
|
Batting: RHB Allen Crenshaw
|
0-0: Ball 1-0: Called Strike 1-1: Foul Ball, location: 2F 1-2: SINGLE (Groundball, 56D, EV 101.9 MPH)
|
Batting: RHB Yi-lin Niu
|
0-0: Ball 1-0: Swinging Strike 1-1: Ball 2-1: SINGLE (Flyball, 8LS, EV 93.8 MPH) Allen Crenshaw to second
|
Batting: SHB Jason Anaya
|
0-0: Ball 1-0: Foul Ball, location: 2F 1-1: Ball 2-1: Foul Ball, location: 2F 2-2: Foul Ball, location: 2F 2-2: Foul Ball, location: 2F 2-2: Ball 3-2: Foul Ball, location: 2F 3-2: Strikes out swinging
|
Batting: RHB Eric Davis
|
0-0: Ball 1-0: Foul Ball, location: 2F 1-1: Swinging Strike 1-2: DOUBLE (Groundball, 5L, EV 105.0 MPH) Allen Crenshaw scores Yi-lin Niu to third
|
Pitching: LHP Paul Griffin
|
|
Batting: LHB Josh Moore
|
0-0: Foul Ball, location: 2F 0-1: Ball 1-1: Swinging Strike 1-2: Ground out 4-3 (Groundball, 34D, EV 100.6 MPH)
|
Bottom of the 5th over - 1 run, 3 hits, 0 errors, 2 left on base; Arkansas 14 - Northwest Arkansas 3 |
TOP OF THE 6TH |
Arkansas Travelers batting - Pitching for Northwest Arkansas Naturals : RHP Brian Straub
|
Batting: RHB Mike Alm
|
0-0: Ball 1-0: Ground out 6-3 (Groundball, 6, EV 85.6 MPH)
|
Batting: LHB Rusty Ney
|
0-0: Called Strike 0-1: Ball 1-1: Foul Ball, location: 2F 1-2: Ball 2-2: Foul Ball, location: 2F 2-2: Ball 3-2: Ground out 4-3 (Groundball, 4, EV 103.1 MPH)
|
Batting: RHB Oren Jones
|
0-0: Called Strike 0-1: SOLO HOME RUN (Flyball, 78XD, EV 110.6 MPH), Distance : 425 ft
|
Batting: SHB Mario Padron
|
0-0: Fly out, F8 (Flyball, 78D, EV 103.1 MPH)
|
Top of the 6th over - 1 run, 1 hit, 0 errors, 0 left on base; Arkansas 15 - Northwest Arkansas 3 |
BOTTOM OF THE 6TH |
Northwest Arkansas Naturals batting - Pitching for Arkansas Travelers : LHP Paul Griffin
|
Batting: RHB Alex Cid
|
0-0: Ball 1-0: Ball 2-0: Called Strike 2-1: Foul Ball, location: 2F 2-2: Ball 3-2: Base on Balls
|
Batting: RHB Dante McCauley
|
0-0: Ball 1-0: Swinging Strike 1-1: Ball 2-1: Swinging Strike 2-2: 2-RUN HOME RUN (Flyball, 7LD, EV 93.8 MPH), Distance : 338 ft
|
Batting: RHB Nate De Jongh
|
0-0: Foul Ball, location: 2F 0-1: Swinging Strike 0-2: Strikes out swinging
|
Batting: RHB Matt Tittle
|
0-0: Foul Ball, location: 2F 0-1: DOUBLE (Line Drive, 78XD, EV 110.0 MPH)
|
Pitching: RHP Eddie Garabito
|
|
Batting: RHB Allen Crenshaw
|
0-0: Ball 1-0: Called Strike 1-1: Ball 2-1: Foul Ball, location: 2F 2-2: Ball 3-2: Foul Ball, location: 2F 3-2: Strikes out swinging
|
Batting: RHB Yi-lin Niu
|
0-0: Foul Ball, location: 2F 0-1: Foul Ball, location: 2F 0-2: Ball 1-2: Strikes out looking
|
Bottom of the 6th over - 2 runs, 2 hits, 0 errors, 1 left on base; Arkansas 15 - Northwest Arkansas 5 |
TOP OF THE 7TH |
Arkansas Travelers batting - Pitching for Northwest Arkansas Naturals : RHP Brian Straub
|
Batting: RHB Luis Romero
|
0-0: Ball 1-0: Ball 2-0: Foul Ball, location: 2F 2-1: Called Strike 2-2: Fly out, F9 (Flyball, 9S, EV 75.6 MPH)
|
Pitching: RHP Rick Young
|
|
Batting: RHB Jose Pineda
|
0-0: Foul Ball, location: 2F 0-1: Ball 1-1: Foul Ball, location: 2F 1-2: Fly out, F9 (Flyball, 9, EV 85.6 MPH)
|
Batting: RHB Ryan Pelletier
|
0-0: Foul Ball, location: 2F 0-1: Ball 1-1: Called Strike 1-2: Ball 2-2: Ball 3-2: Foul Ball, location: 2F 3-2: Ground out 5-3 (Groundball, 56, EV 98.8 MPH)
|
Top of the 7th over - 0 runs, 0 hits, 0 errors, 0 left on base; Arkansas 15 - Northwest Arkansas 5 |
BOTTOM OF THE 7TH |
Northwest Arkansas Naturals batting - Pitching for Arkansas Travelers : RHP Eddie Garabito
|
Batting: SHB Jason Anaya
|
0-0: Foul Ball, location: 2F 0-1: Ball 1-1: Foul Ball, location: 2F 1-2: Strikes out swinging
|
Batting: RHB Eric Davis
|
0-0: Ball 1-0: Swinging Strike 1-1: Ball 2-1: Ball 3-1: Fly out, F8 (Flyball, 8LD, EV 94.4 MPH)
|
Batting: LHB Josh Moore
|
0-0: Ball 1-0: Foul Ball, location: 2F 1-1: Foul Ball, location: 2F 1-2: Ball 2-2: Foul Ball, location: 2F 2-2: Strikes out swinging
|
Bottom of the 7th over - 0 runs, 0 hits, 0 errors, 0 left on base; Arkansas 15 - Northwest Arkansas 5 |
TOP OF THE 8TH |
Arkansas Travelers batting - Pitching for Northwest Arkansas Naturals : RHP Rick Young
|
Batting: LHB Sean Corderman
|
0-0: Ball 1-0: Ball 2-0: Ball 3-0: Called Strike 3-1: Base on Balls
|
Batting: LHB Barrfhionn O'Toole
|
0-0: Called Strike 0-1: Fielders Choice at 2nd, 4-6 (Groundball, 34, EV 110.0 MPH)
|
Pitching: RHP Justin Bonner
|
|
Batting: RHB Mike Alm
|
0-0: Ball 1-0: SINGLE (Line Drive, 56, EV 95.6 MPH) Barrfhionn O'Toole to second
|
Batting: LHB Rusty Ney
|
0-0: Foul Ball, location: 2F 0-1: Foul Ball, location: 2F 0-2: Ball 1-2: Foul Ball, location: 2F 1-2: Foul Ball, location: 2F 1-2: DOUBLE (Line Drive, 8LXD, EV 107.5 MPH) Barrfhionn O'Toole scores Mike Alm to third Runner from 3rd tries for Home, SAFE, throw by CF to home
|
Pinch Hitting: SHB Ivan Barry
|
0-0: Ball 1-0: Foul Ball, location: 2F 1-1: Ball 2-1: Ball 3-1: Base on Balls
|
Batting: SHB Mario Padron
|
0-0: Ball 1-0: Ball 2-0: Ball 3-0: Called Strike 3-1: Base on Balls Rusty Ney to third Ivan Barry to second
|
Pitching: RHP Josh Gordon
|
|
Batting: RHB Luis Romero
|
0-0: Ball 1-0: Foul Ball, location: 2F 1-1: Called Strike 1-2: Ball 2-2: Strikes out swinging
|
Batting: RHB Jose Pineda
|
0-0: Fielders Choice at 2nd, 6-4 (Groundball, 6, EV 88.1 MPH)
|
Top of the 8th over - 2 runs, 2 hits, 0 errors, 3 left on base; Arkansas 17 - Northwest Arkansas 5 |
BOTTOM OF THE 8TH |
Northwest Arkansas Naturals batting - Pitching for Arkansas Travelers : RHP Eddie Garabito
|
Pitching: RHP Danny Nava
|
|
Now at 2B: Ivan Barry
|
|
Batting: RHB Alex Cid
|
0-0: Called Strike 0-1: Ball 1-1: Ground out 4-3 (Groundball, 4, EV 86.9 MPH)
|
Batting: RHB Dante McCauley
|
0-0: Ball 1-0: Called Strike 1-1: Foul Ball, location: 2F 1-2: Foul Ball, location: 2F 1-2: Ball 2-2: Strikes out swinging
|
Batting: RHB Nate De Jongh
|
0-0: Called Strike 0-1: Ball 1-1: Foul Ball, location: 2F 1-2: Foul Ball, location: 2F 1-2: Foul Ball, location: 2F 1-2: SINGLE (Line Drive, 3D, EV 96.9 MPH)
|
Batting: RHB Matt Tittle
|
0-0: Ball 1-0: Ball 2-0: Foul Ball, location: 2F 2-1: Swinging Strike 2-2: Ground out U3 (Groundball, 34, EV 80.0 MPH)
|
Bottom of the 8th over - 0 runs, 1 hit, 0 errors, 1 left on base; Arkansas 17 - Northwest Arkansas 5 |
TOP OF THE 9TH |
Arkansas Travelers batting - Pitching for Northwest Arkansas Naturals : RHP Josh Gordon
|
Batting: RHB Ryan Pelletier
|
0-0: Ball 1-0: Foul Ball, location: 2F 1-1: Ball 2-1: Ball 3-1: Called Strike 3-2: Base on Balls
|
Batting: LHB Sean Corderman
|
0-0: Foul Ball, location: 2F 0-1: Ball 1-1: Ball 2-1: Ball 3-1: Base on Balls Ryan Pelletier to second
|
Pinch Hitting: RHB Tsega Haida
|
0-0: 3-RUN HOME RUN (Flyball, 78XD, EV 89.4 MPH) (Inside the Park)
|
Batting: RHB Mike Alm
|
0-0: Ball 1-0: Ball 2-0: Ball 3-0: Base on Balls
|
Batting: LHB Rusty Ney
|
0-0: Called Strike 0-1: Foul Ball, location: 2F 0-2: Ball Wild Pitch! Mike Alm to second 1-2: Ball 2-2: Foul Ball, location: 2F 2-2: Ground out 1-3 (Groundball, 13S, EV 64.4 MPH) Mike Alm to third
|
Batting: SHB Ivan Barry
|
0-0: Called Strike 0-1: Ground out 6-3 (Groundball, 56, EV 103.1 MPH) Mike Alm scores
|
Batting: SHB Mario Padron
|
0-0: Ball 1-0: Called Strike 1-1: Swinging Strike 1-2: Ball 2-2: Ball 3-2: Base on Balls
|
Batting: RHB Luis Romero
|
0-0: SINGLE (Flyball, 5D, EV 89.4 MPH) Mario Padron to second
|
Batting: RHB Jose Pineda
|
0-0: Ball 1-0: Ball 2-0: Called Strike 2-1: Ball 3-1: Foul Ball, location: 2F 3-2: Base on Balls Mario Padron to third Luis Romero to second
|
Batting: RHB Ryan Pelletier
|
0-0: Called Strike 0-1: Ball 1-1: Ball 2-1: Ball 3-1: Called Strike 3-2: Base on Balls Mario Padron scores Luis Romero to third Jose Pineda to second
|
Batting: LHB Sean Corderman
|
0-0: Ball 1-0: Ground out 3-1 (Groundball, 34, EV 108.8 MPH)
|
Top of the 9th over - 5 runs, 2 hits, 0 errors, 3 left on base; Arkansas 22 - Northwest Arkansas 5 |
BOTTOM OF THE 9TH |
Northwest Arkansas Naturals batting - Pitching for Arkansas Travelers : RHP Danny Nava
|
Pitching: RHP Eric Cunningham
|
|
Now in LF: Tsega Haida
|
|
Batting: RHB Allen Crenshaw
|
0-0: Ball 1-0: Ball 2-0: Ball 3-0: Foul Ball, location: 2F 3-1: SINGLE (Line Drive, 34, EV 103.1 MPH)
|
Batting: RHB Yi-lin Niu
|
0-0: Ball 1-0: Ball 2-0: Fly out, F7 (Flyball, 78D, EV 97.5 MPH)
|
Batting: SHB Jason Anaya
|
0-0: Called Strike 0-1: SINGLE (Line Drive, 56, EV 105.6 MPH) Allen Crenshaw to second
|
Batting: RHB Eric Davis
|
0-0: SINGLE (Groundball, 34, EV 106.9 MPH) Allen Crenshaw to third Jason Anaya to second
|
Batting: LHB Josh Moore
|
0-0: Ball 1-0: Ball 2-0: Called Strike 2-1: Fly out, F5 (Popup, 5SF, EV 77.5 MPH)
|
Batting: RHB Alex Cid
|
0-0: Ball 1-0: Foul Ball, location: 2F 1-1: SINGLE (Line Drive, 78S, EV 93.1 MPH) Allen Crenshaw scores Jason Anaya to third Eric Davis to second
|
Batting: RHB Dante McCauley
|
0-0: Fielders Choice at 2nd, 6-4 (Groundball, 6, EV 79.4 MPH)
|
Bottom of the 9th over - 1 run, 4 hits, 0 errors, 3 left on base; Arkansas 22 - Northwest Arkansas 6 |
|